 Dungeon Crawl Stone Soup version 0.30-a0-622-gddc90eaa04 (webtiles) character file.

Game seed: 4724016437741024908

18 Leeroy the Slasher (level 2, 0/22 HPs)
             Began as a Merfolk Gladiator on Jan 10, 2023.
             Slain by an adder (3 damage)
             ... on level 2 of the Dungeon.
             The game lasted 00:00:29 (194 turns).

Leeroy the Slasher (Merfolk Gladiator)               Turns: 194, Time: 00:00:30

Health: 0/22       AC:  4    Str: 14    XL:     2   Next: 66%
Magic:  2/2        EV: 13    Int:  7    God:
Gold:   21         SH:  0    Dex: 15    Spells: 1/1 levels left

rFire   . . .      SeeInvis .    a - +0 long sword
rCold   . . .      Faith    .    (no shield)
rNeg    . . .      Spirit   .    b - +0 leather armour
rPois   .          Reflect  .    c - +0 helmet
rElec   .          Harm     .    h - scarf {repulsion}
rCorr   .          Rampage  .    (no gloves)
Will    .....                    (no boots)
Stlth   +                        (no amulet)
HPRegen 0.23/turn                (no ring)
MPRegen 0.08/turn                (no ring)

@: lethally poisoned (0 -> -4), repel missiles
A: (nimble swimmer 2), mertail
a: no special abilities


You were on level 2 of the Dungeon.
You visited 1 branch of the dungeon, and saw 2 of its levels.

You collected 21 gold pieces.

Inventory:

Hand Weapons
 a - a +0 long sword (weapon)
Missiles
 d - 3 throwing nets (quivered)
 e - a javelin
Armour
 b - a +0 leather armour (worn)
 c - a +0 helmet (worn)
 h - a scarf of repulsion (worn)
Scrolls
 f - 4 scrolls of identify {unknown}
 g - a scroll of blinking {unknown}
 i - a scroll of acquirement {unknown}


   Skills:
 - Level 2.1 Fighting
 + Level 4.7 Long Blades
 - Level 2.0 Throwing
 - Level 4.0 Dodging


You had one spell level left.
You didn't know any spells.
Your spell library contained the following spells:

 Spells                   Type           Power      Damage    Failure   Level
 Dazzling Flash           Conj/Hex       0%         N/A       87%         3
 Iskenderun's Mystic Bla  Conj/Tloc      0%         2d3       99%         4
 Starburst                Conj/Fire      0%         6d3       100%        6


Dungeon Overview and Level Annotations

Branches:
Dungeon (1/15)

Altars:
Kikubaaqudgha


Innate Abilities, Weirdness & Mutations

((You are very nimble when in or above water. (Stealth+, EV+, Speed+++)))
Your lower body shifts to a powerful aquatic tail in water.


Message History

You barely miss the adder. The adder bites you but does no damage.
You hit the adder.
The adder is lightly wounded.
The adder barely misses you. The adder bites you but does no damage.
You hit the adder.
The adder is lightly wounded.
The adder bites you.
You are poisoned.
The adder poisons you!
You closely miss the adder.
The adder is lightly wounded.
You feel sick. The adder bites you. The adder closely misses you.
You hit the adder.
The adder is severely wounded.
You feel sick. The adder closely misses you.
You miss the adder.
The adder is severely wounded.
You feel sick. The adder misses you. The adder bites you.
You are more poisoned.
The adder poisons you!
You hit the adder.
The adder is almost dead.
You feel very sick. The adder bites you.
* * * LOW HITPOINT WARNING * * *
You are too injured to fight recklessly!
You are too injured to fight recklessly!
You are too injured to fight recklessly!
You are too injured to fight recklessly!
You closely miss the adder.
The adder is almost dead.
* * * LOW HITPOINT WARNING * * *
You feel sick. The adder misses you. The adder closely misses you.
You aren't carrying any potions.
Okay, then.
You miss the adder.
The adder is almost dead.
* * * LOW HITPOINT WARNING * * *
You feel sick. The adder bites you.
You die...

._..... .......
.....(. . ......#. ..
........ ..
.......#### ##.#
........#... ###..$#
............ #.S.#
..........). ##@#
.........#..###..#
.........#.......#
.........#.......#
.................# #.
.........<.......#...
.#....†............##
......)..............
#####..#..............


You could see an adder.

Vanquished Creatures
  A ball python (D:2)
  2 giant cockroaches (D:2)
  A goblin (D:2)
  A hobgoblin (D:2)
  3 jackals (D:2)
  3 kobolds
  2 quokkas (D:2)
  2 rats
15 creatures vanquished.

Notes
Turn   | Place    | Note
-------+----------+-------------------------------------------
     0 | D:1      | Leeroy the Merfolk Gladiator began the quest for the Orb.
     0 | D:1      | Reached XP level 1. HP: 16/16 MP: 1/1
    46 | D:1      | You fall into a shaft and drop 1 floor!
    92 | D:2      | Found an ancient bone altar of Kikubaaqudgha.
   134 | D:2      | Reached XP level 2. HP: 22/22 MP: 2/2
   194 | D:2      | Slain by an adder

Illustrated notes

Levels and vault maps discovered:
D:1:      giann_forest_graveyard, layout_rooms, serial_shops, shop,
          minmay_strange_pillars
D:2:      minmay_evil_eye, layout_rooms, serial_forest,
          infiniplex_forest_straight_1, infiniplex_forest_straight_3,
          infiniplex_forest_corner_1, infiniplex_forest_clump_double,
          infiniplex_forest_lined_2, infiniplex_forest_straight_2, basic_altar,
          roderic_filled_cross

Skill      XL: |  1 |
---------------+----+-----
Long Blades    | 4 |  4.7
Fighting       | |  2.1
Throwing       | |  2.0
Dodging        | |  4.0

Action                   || total
-------------------------++-------
Melee: Long sword        ||    49
Armor: Leather armour    ||    19
Dodge: Dodged            ||    60

Table legend: (Time is in decaauts)
 A = Elapsed time spent in this place.
 B = Non-inter-level travel time spent in this place.
 C = Inter-level travel time spent in this place.
 D = Time resting spent in this place.
 E = Time spent auto-exploring this place.
 F = Levels seen in this place.
 G = Mean time per level.
                   A        B        C        D        E       F      G
               +--------+--------+--------+--------+--------+-----+--------+
         Total |    202 |    202 |      0 |      0 |    107 |   2 |  101.0 |
       Dungeon |    202 |    202 |      0 |      0 |    107 |   2 |  101.0 |
               +--------+--------+--------+--------+--------+-----+--------+

Top non-repeatable levels by time:
     D:2: 154 daAuts
     D:1: 48 daAuts
